 Dungeon Crawl Stone Soup version 0.18.1-48-g4cf74bf (webtiles) character file.

2402 hairmachine the Basher (level 9, -3/70 HPs)
             Began as a Minotaur Fighter on July 20, 2016.
             Was a Believer of Makhleb.
             Splashed by a brown ugly thing's acid (9 damage)
             ... on level 7 of the Dungeon.
             The game lasted 00:17:10 (8782 turns).

hairmachine the Basher (Minotaur Fighter)           Turns: 8782, Time: 00:17:10

Health: -3/70      AC:  7    Str: 21    XL:     9   Next: 23%
Magic:  8/8        EV:  9    Int:  5    God:    Makhleb [**....]
Gold:   505        SH: 11    Dex: 13    Spells: 0 memorised, 8 levels left

rFire  . . .     SeeInvis .     a - +0 flail
rCold  . . .     Gourm    .     z - +1 ring mail {rPois}
rNeg   + . .     Faith    .     c - +0 shield
rPois  +         Spirit   .     (helmet restricted)
rElec  .         Dismiss  .     (no cloak)
rCorr  .         Reflect  .     (no gloves)
SustAt .         Harm     .     (no boots)
MR     .....                    y - amulet of rage
Stlth  +.........               (no ring)
                                g - ring of positive energy

@: not resistant to hostile enchantments, very unstealthy
A: retaliatory headbutt, horns 2
a: Minor Destruction, Renounce Religion, Evoke Berserk Rage


You were on level 7 of the Dungeon.
You worshipped Makhleb.
Makhleb was pleased with you.
You were not hungry.

You visited 2 branches of the dungeon, and saw 8 of its levels.

You collected 505 gold pieces.

Inventory:

Hand Weapons
 a - a +0 flail (weapon)
Armour
 c - a +0 shield (worn)
 z - a +1 ring mail of poison resistance (worn)
Jewellery
 g - a ring of positive energy (left hand)
 y - an amulet of rage (around neck)
Wands
 b - a wand of flame (27/48)
 x - a wand of paralysis (11/24)
Scrolls
 d - a scroll of fear {unknown}
 i - 2 scrolls of recharging {unknown}
 j - a scroll of blinking {unknown}
 l - 2 scrolls of immolation {unknown}
 m - a scroll of amnesia {unknown}
 n - 7 scrolls of identify
 p - 2 scrolls of random uselessness {unknown}
 s - 2 scrolls of enchant weapon {unknown}
 v - 3 scrolls of noise
 w - 2 scrolls of remove curse
Potions
 q - 2 potions of agility
 r - a potion of flight
Books
 k - a book of Annihilations

   Spells                             Type                      Level
   a - Poison Arrow                   Conjuration/Poison           6
   b - Chain Lightning                Conjuration/Air              8
   c - Lehudib's Crystal Spear        Conjuration/Earth            8
   d - Glaciate                       Conjuration/Ice              9
   e - Fire Storm                     Conjuration/Fire             9
 B - a book of Party Tricks

   Spells                             Type                      Level
   a - Summon Butterflies             Summoning                    1
   b - Apportation                    Translocation                1
   c - Tukima's Dance                 Hexes                        3
   d - Alistair's Intoxication        Transmutation/Poison         5
   e - Invisibility                   Hexes                        6
Comestibles
 f - 5 bread rations
 o - 7 chunks of flesh
 u - a royal jelly
 A - a fruit


   Skills:
 - Level 3.6 Fighting
 + Level 11.5 Maces & Flails
 + Level 7.3 Armour
 + Level 7.7 Shields


You had 8 spell levels left.
You didn't know any spells.

Dungeon Overview and Level Annotations

Branches:
Dungeon (7/15)             Temple (1/1) D:6

Altars:
Ashenzari
Cheibriados
Dithmenos
Elyvilon
Fedhas
Gozag
Kikubaaqudgha
Makhleb
Nemelex Xobeh
Okawaru
Pakellas
Qazlal
Ru
Sif Muna
Trog
Vehumet
Xom
Yredelemnul
Zin
The Shining One

Shops:
D:5 *


Innate Abilities, Weirdness & Mutations

You reflexively headbutt those who attack you in melee.
You have a pair of horns on your head.


Message History

As you open the door, it creaks loudly!
You hear a loud, deep croak!
Found 7 stones.
There is an open door here.
You hit the brown ugly thing.
The brown ugly thing is lightly wounded.
The brown ugly thing completely misses you.
You furiously retaliate!
You headbutt the brown ugly thing.
Your shield and ring mail prevent you from hitting the brown ugly thing.
The brown ugly thing is lightly wounded.
The brown ugly thing completely misses you.
You barely miss the brown ugly thing.
You headbutt the brown ugly thing, but do no damage.
The brown ugly thing is lightly wounded.
The brown ugly thing bites you.
You are splashed with acid!
The acid burns!
* * * LOW HITPOINT WARNING * * *
Drink which item? (? for menu, Esc to quit)
You feel better. The brown ugly thing bites you!
* * * LOW HITPOINT WARNING * * *
You are splashed with acid!
The acid burns!
You die...

.........................
..#.....................#
#.......(##.......#()(.
####.....###....(..#...
#......# #.#.###.#...
#......+...#.........
#......######........
####u### #........ #@#
#..#..()# #.# ##.#....'
#.# #.#....# .(# #.#.....
### .....#### #.###. ##


You could see a brown ugly thing.

Vanquished Creatures
  An orc warrior (D:7)
  2 sky beasts
  2 phantoms
  3 centaurs
  4 ogres
  A big kobold (D:7)
  A gnoll sergeant (D:7)
  A scorpion (D:4)
  4 wights (D:6)
  A howler monkey (D:5)
  A centaur zombie (D:5)
  A wasp zombie (D:5)
  A jelly (D:7)
  A quasit (D:6)
  2 orc priests
  A giant frog skeleton (D:7)
  6 hounds
  8 orc wizards
  2 iguanas
  2 worker ants
  A hound zombie (D:5)
  A hound skeleton (D:4)
  5 gnolls
  7 adders
  A shadow imp (D:6)
  An adder zombie (D:1)
  2 worms (D:2)
  A dart slug (D:1)
  7 giant geckos
  20 orcs
  A bat zombie (D:1)
  12 giant cockroaches
  5 goblins
  10 hobgoblins
  3 jackals (D:7)
  2 quokkas
  6 bats
  A giant gecko skeleton (D:7)
  8 giant newts
  3 kobolds
  6 rats
148 creatures vanquished.

Notes
Turn   | Place    | Note
--------------------------------------------------------------
     0 | D:1      | hairmachine the Minotaur Fighter began the quest for the Orb.
     0 | D:1      | Reached XP level 1. HP: 19/19 MP: 0/0
    14 | D:1      | Reached skill level 3 in Maces & Flails
   107 | D:1      | Reached XP level 2. HP: 25/26 MP: 1/1
   627 | D:1      | Found a glowing golden altar of the Shining One.
   839 | D:2      | Reached skill level 4 in Maces & Flails
  1082 | D:2      | Reached XP level 3. HP: 25/31 MP: 2/2
  1756 | D:3      | Reached skill level 5 in Maces & Flails
  2191 | D:3      | Reached XP level 4. HP: 35/39 MP: 3/3
  2494 | D:4      | Reached skill level 6 in Maces & Flails
  2787 | D:3      | Reached XP level 5. HP: 24/45 MP: 4/4
  3164 | D:4      | Reached skill level 7 in Maces & Flails
  3638 | D:4      | Reached XP level 6. HP: 51/51 MP: 5/5
  3645 | D:4      | Reached skill level 8 in Maces & Flails
  4051 | D:4      | Found a sparkling altar of Nemelex Xobeh.
  4301 | D:5      | Entered Level 5 of the Dungeon
  4558 | D:5      | Noticed a sky beast
  4584 | D:4      | Killed a sky beast
  4584 | D:4      | Reached skill level 9 in Maces & Flails
  4584 | D:4      | Reached XP level 7. HP: 15/57 MP: 6/6
  4875 | D:5      | Found Xeaj's Assorted Antiques.
  5110 | D:5      | Reached skill level 10 in Maces & Flails
  5291 | D:5      | Reached XP level 8. HP: 30/64 MP: 7/7
  5463 | D:5      | Reached skill level 5 in Armour
  5463 | D:5      | Reached skill level 5 in Shields
  6075 | D:6      | Found a staircase to the Ecumenical Temple.
  6095 | Temple   | Entered the Ecumenical Temple
  6209 | Temple   | Became a worshipper of Makhleb the Destroyer
  7053 | D:6      | Gained mutation: You are agile. (Dex +2) [potion of mutation]
  7053 | D:6      | Gained mutation: Scrolls take you a little longer to read. [potion of mutation]
  7053 | D:6      | Gained mutation: Your movements are slightly less encumbered by armour (ER -2). [potion of mutation]
  7055 | D:6      | Lost mutation: You are agile. (Dex +2) [potion of cure mutation]
  7055 | D:6      | Lost mutation: Scrolls take you a little longer to read. [potion of cure mutation]
  7055 | D:6      | Lost mutation: Your movements are slightly less encumbered by armour (ER -2). [potion of cure mutation]
  7059 | D:6      | Reached skill level 11 in Maces & Flails
  7445 | D:7      | Found a radiant altar of Vehumet.
  8165 | D:7      | Reached * piety under Makhleb
  8176 | D:7      | Reached XP level 9. HP: 55/70 MP: 8/8
  8728 | D:7      | Reached ** piety under Makhleb
  8732 | D:7      | Noticed a brown ugly thing
  8782 | D:7      | Splashed by a brown ugly thing's acid

Skill      XL: |  1  2  3  4  5  6  7  8  9 |
---------------+----------------------------+-----
Maces & Flails | 3 4 5 6 7 9 10 11 | 11.5
Shields        | 4 7 |  7.7
Armour         | 4 6 7 |  7.3
Fighting       | |  3.6

Action                   |  1- 3 |  4- 6 |  7- 9 || total
-------------------------+-------+-------+-------++-------
Melee: Flail             |   108 |   150 |   287 ||   545
       Headbutt          |    13 |    20 |    54 ||    87
  Use: Potion            |       |     5 |     7 ||    12
       Scroll            |       |       |     7 ||     7
  Eat: Chunk             |     4 |     8 |     9 ||    21
       Meat ration       |       |       |     1 ||     1
Armor: Scale mail        |    53 |    55 |    22 ||   130
       Skin              |       |    26 |       ||    26
       Ring mail         |       |       |    71 ||    71
Dodge: Dodged            |    36 |    31 |    96 ||   163
Block: Shield            |    52 |    50 |   108 ||   210
